 Dungeon Crawl Stone Soup version 0.30-a0-782-ge64f9170bb (webtiles) character file.

Game seed: 1405168746578021119

82 HoaS the Shooter (level 4, -8/36 HPs)
             Began as a Demigod Hunter on Feb 18, 2023.
             Killed by divine providence
             ... invoked by an orc priest
              (13 damage)
             ... on level 4 of the Dungeon.
             The game lasted 00:04:05 (1860 turns).

HoaS the Shooter (Demigod Hunter)                   Turns: 1860, Time: 00:04:06

Health: -8/36      AC:  7    Str: 12    XL:     4   Next: 1%
Magic:  6/6        EV: 12    Int: 11    God:
Gold:   95         SH:  0    Dex: 21    Spells: 3/3 levels left

rFire   . . .      SeeInvis .    a - +0 shortbow
rCold   . . .      Faith    .    (shield currently unavailable)
rNeg    . . .      Spirit   .    c - +0 leather armour
rPois   .          Reflect  .    (no helmet)
rElec   .          Harm     .    (no cloak)
rCorr   +          Rampage  .    (no gloves)
Will    .....                    (no boots)
Stlth   ++                       (no amulet)
HPRegen 0.26/turn                g - ring of resist corrosion
MPRegen 0.10/turn                e - +4 ring of protection

@: no status effects
A: high MP 1, forlorn, divine attributes
a: no special abilities


You were on level 4 of the Dungeon.
You visited 1 branch of the dungeon, and saw 3 of its levels.

You collected 95 gold pieces.

Inventory:

Hand Weapons
 a - a +0 shortbow (weapon)
Armour
 c - a +0 leather armour (worn)
Jewellery
 e - a +4 ring of protection (right hand)
 g - a ring of resist corrosion (left hand)
Scrolls
 b - 2 scrolls of immolation
 d - 2 scrolls of teleportation
 h - a scroll of identify
Potions
 f - 2 potions of heal wounds {unknown}


   Skills:
 - Level 1.7 Fighting
 + Level 5.2 Ranged Weapons
 - Level 1.7 Dodging
 - Level 0.8 Stealth


You had 3 spell levels left.
You didn't know any spells.
Your spell library was empty.

Dungeon Overview and Level Annotations

Branches:
Dungeon (4/15)
 Temple: D:4-7

Shops:
D:4 *

Annotations:
D:2 Robin
D:4 exclusion: ogre


Innate Abilities, Weirdness & Mutations

You have an increased reservoir of magic. (+10% MP)
You shall have no god before yourself.
Your divine heritage dramatically boosts your attributes as you level up.


Message History

You can't see that place. [the floor.] Placed new exclusion.
g - a ring of resist corrosion
g - a ring of resist corrosion (left hand)
e - a +4 ring of protection (right hand)
Found Yduatto's Mayhem Merchandise.
There is an entrance to Yduatto's Mayhem Merchandise here.
An orc priest comes into view. It is wielding a +1 heavy flail.
You shoot an arrow.
The arrow closely misses the orc priest.
An orc comes into view. It is wielding a +0 whip.
The orc priest calls down the wrath of Beogh upon you.
Beogh smites you!
The orc moves out of view.
You hear a shout!
You shoot an arrow.
The arrow closely misses the orc priest.
The orc priest looks encouraged for a moment.
You shoot an arrow. The arrow barely misses the orc priest.
You shoot an arrow. The arrow hits the orc priest!
The orc priest is heavily wounded.
The orc priest hits you with a +1 heavy flail!
You are too injured to fight recklessly!
You are too injured to fight recklessly!
You shoot an arrow. The arrow hits the orc priest.
The orc priest is almost dead.
You shoot an arrow.
The arrow completely misses the orc priest.
The orc priest barely misses you.
You shoot an arrow.
The arrow closely misses the orc priest.
The orc priest invokes the aid of Beogh against you.
Pain shoots through your body!
* * * LOW HITPOINT WARNING * * *
You shoot an arrow.
The arrow hits the orc priest but does no damage.
The orc priest is almost dead.
The orc priest invokes the aid of Beogh against you.
Beogh smites you!
You die...

###.# # #...# O. ..
#.#o#.# #.. #.
#.#.#.# #..##.##
#.....# .......##
###.### .##.##..# #.#
.....#..# #####.#
........#######.@o..#
.#.?.#.....∩....#####
.##.##.##########
.......# .#.#.###
.....# ##.### #.#
##.#


You could see an orc priest.

Vanquished Creatures
  3 adders (D:2)
  9 ball pythons
  6 bats
  6 endoplasms
  A giant cockroach (D:1)
  7 goblins
  8 hobgoblins
  3 kobolds
  4 frilled lizards (D:1)
  2 rats (D:1)
49 creatures vanquished.

Vanquished Creatures (others)
  18 demonic plants (D:2)
  13 fungi (D:2)
  8 plants (D:2)
  5 withered plants (D:2)
44 creatures vanquished.

Grand Total: 93 creatures vanquished

Notes
Turn   | Place    | Note
-------+----------+-------------------------------------------
     0 | D:1      | HoaS the Demigod Hunter began the quest for the Orb.
     0 | D:1      | Reached XP level 1. HP: 17/17 MP: 3/3
    58 | D:1      | Reached skill level 4 in Ranged Weapons
   149 | D:1      | Reached XP level 2. HP: 24/24 MP: 4/4
  1064 | D:2      | Noticed Robin
  1081 | D:2      | Reached XP level 3. HP: 27/29 MP: 5/5
  1440 | D:2      | Reached skill level 5 in Ranged Weapons
  1740 | D:2      | Reached XP level 4. HP: 36/36 MP: 6/6
  1757 | D:2      | You fall into a shaft and drop 2 floors!
  1815 | D:4      | Noticed an ogre
  1824 | D:4      | Found Yduatto's Mayhem Merchandise.
  1860 | D:4      | Killed from afar by an orc priest

Illustrated notes

Levels and vault maps discovered:
D:1:      scummos_arrival_hexagon, layout_basic, serial_rivers,
          chequers_serial_rivers_micro_d, chequers_serial_rivers_large_a,
          chequers_serial_rivers_room_b, chequers_serial_rivers_room_a,
          minmay_tetromino_o2
D:2:      layout_loops_corners, shapermc_ecumenical_altar_gd,
          lightli_corner_chamber, uniq_robin
D:4:      layout_loops_cross, gammafunk_ghost_nasty_kobolds,
          hangedman_decor_clover_reticule, minmay_shop_mayhem, minmay_vboxes

Skill      XL: |  1  2  3 |
---------------+----------+-----
Ranged Weapons | 4 5 |  5.2
Fighting       | |  1.7
Dodging        | |  1.7
Stealth        | |  0.8

Action                     |  1- 3 |  4- 6 || total
---------------------------+-------+-------++-------
   Fire: Shortbow          |   131 |    14 ||   145
    Use: Scroll            |     3 |     1 ||     4
 Armour: Leather armour    |    20 |     2 ||    22
  Dodge: Dodged            |    29 |     2 ||    31

Table legend: (Time is in decaauts)
 A = Elapsed time spent in this place.
 B = Non-inter-level travel time spent in this place.
 C = Inter-level travel time spent in this place.
 D = Time resting spent in this place.
 E = Time spent auto-exploring this place.
 F = Levels seen in this place.
 G = Mean time per level.
                   A        B        C        D        E       F      G
               +--------+--------+--------+--------+--------+-----+--------+
         Total |   1927 |   1833 |     94 |    220 |   1313 |   3 |  642.3 |
       Dungeon |   1927 |   1833 |     94 |    220 |   1313 |   3 |  642.3 |
               +--------+--------+--------+--------+--------+-----+--------+

Top non-repeatable levels by time:
     D:1: 1048 daAuts
     D:2: 773 daAuts
     D:4: 105 daAuts
